[Event "*** Titled Tuesday 3|2 Blitz"]
[Site "Chess.com"]
[Date "2017.03.07"]
[Round "1"]
[White "SantoBlue"]
[Black "Beca95"]
[Result "1/2-1/2"]
[WhiteElo "2386"]
[BlackElo "2683"]
[TimeControl "180+2"]
[EndTime "13:09:45 PST"]
[Termination "Game drawn by repetition"]

1. Nf3 g6 2. g3 Bg7 3. Bg2 e5 4.
O-O d5 5. d3 Ne7 6. Nbd2 O-O 7.
c4 d4 8. b4 h6 9. Rb1 c6 10. b5 Qc7 11. bxc6 Nexc6 12. Ba3 Rd8 13. Qb3 Na6 14. Rfc1 Rb8 15. Ne4 Be6 16. Qb5 f5 17.
Ned2 Bf7 18. Ne1 Qd7 19. Nb3 Nc7 20. Qa4 Na6 21. Nc2 Re8 22. Bxc6 Qxc6 23. Qxc6 bxc6 24. Na5 c5 25. Nc6 Rb6 26. Nxa7 Reb8 27. Rxb6 Rxb6 28. Nb5 Bf8 29. Na1 Be8 30. Nb3 Bxb5 31. cxb5 Rxb5 32. Rc4 Kf7 33. Ra4 Nb8 34. Ra7+ Ke6 35. Kg2 Nd7 36.
Na5 e4 37. Nc4 Be7 38. Bc1 g5 39. Ra6+ Kf7 40. Rxh6 Rb1 41. Bd2 g4 42. a4 Ra1 43.
Ra6 Ra2 44. Bf4 Rxe2 45. Ra7 Ke6 46. Ra6+ Kf7 47. Ra7 Ke6 48. Ra6+ Kf7 49. dxe4 fxe4 50. Ra7 Ke6 51. Ra6+ Kd5 52. Kf1 Ra2 53. Nd6 c4 54.
Nf5 Bc5 55. Ra8 c3 56. Rd8 Ke6 57. Ng7+ Ke7 58. Bg5+ Kd6 59. Ne8+ Kc6 60. Rc8+ Kd5 61.
Rd8 Kc6 62. Rc8+ Kd5 63. Rd8 Ke6 64. Ng7+ Kd6 65. Ne8+ Kc6 66. Rc8+ 1/2-1/2

[Event "*** Titled Tuesday 3|2 Blitz"]
[Site "Chess.com"]
[Date "2017.03.07"]
[Round "1"]
[White "ABDELAZEEZ-M"]
[Black "chessdude"]
[Result "0-1"]
[WhiteElo "1986"]
[BlackElo "2430"]
[TimeControl "180+2"]
[EndTime "13:09:46 PST"]
[Termination "chessdude won by checkmate"]

1. d4 Nf6 2. c4 e6 3. Nf3 d5 4. g3 dxc4 5. Bg2 Bd7 6. O-O c5 7.
Nc3 Nc6 8. d5 exd5 9. Nxd5 Nxd5 10. Qxd5 Be6 11. Qe4 Be7 12. Ne5 Nxe5 13. Qxe5 O-O 14.
Bxb7 Rb8 15. Bg2 Qb6 16. Be4 Bf6 17. Qh5 g6 18. Qf3 Bg7 19. Be3 Rbd8 20. Rab1 f5 21. Bc2 Qc7 22. Rfd1 a5 23. b3 c3 24. Bf4 Qb6 25. Be3 Bf7 26. Qf4 Qc6 27. Bd3 a4 28. bxa4 Bxa2 29. Bc4+ Bxc4 30. Qxc4+ Kh8 31. Rxd8 Rxd8 32.
a5 h6 33. f3 Ra8 34. Rb6 Qe8 35. Bxc5 Rxa5 36. Bd4 Ra1+ 37. Kg2 Ra7 38. Bxg7+ Rxg7 39. Re6 Qd7 40. Rc6 Qd2 41. Qxc3 Qxe2+ 42. Kh3 Qf1+ 43.
Kh4 g5+ 44. Kh5 Qh3# 0-1

[Event "*** Titled Tuesday 3|2 Blitz"]
[Site "Chess.com"]
[Date "2017.03.07"]
[Round "1"]
[White "RamonManon0g"]
[Black "Anton_Demchenko"]
[Result "0-1"]
[WhiteElo "2324"]
[BlackElo "2613"]
[TimeControl "180+2"]
[EndTime "13:09:47 PST"]
[Termination "Anton_Demchenko won by resignation"]

1. d4 Nf6 2. Bg5 g6 3. Bxf6 exf6 4.
e3 d5 5. c4 dxc4 6. Bxc4 Bd6 7. Nf3 Nd7 8. Nc3 c6 9. O-O O-O 10. Rc1 f5 11. d5 c5 12. Nb5 Qe7 13. Nxd6 Qxd6 14. a4 Nf6 15. Qb3 b6 16. Rfd1 Rb8 17.
Bb5 Bb7 18. Bc4 Rfd8 19. Rd2 a6 20. Rcd1 Kg7 21. Qd3 Ra8 22. h3 Bc8 23. Qc3 Kg8 24. Qe5 Ne4 25. Rd3 Bd7 26. Ra3 Re8 27. Qf4 Kg7 28.
Bd3 f6 29. Nd2 Qxf4 30. exf4 Nd6 31. Nc4 Nxc4 32. Bxc4 b5 33. axb5 axb5 34. Rxa8 Rxa8 35. Be2 c4 36. Bf3 Ra2 37. Re1 Kf8 38. Re2 b4 39. Rc2 c3 40. Bd1 Rxb2 41. Rxb2 cxb2 42. Bc2 Ke7 43. Kf1 Kd6 44. Ke2 Kxd5 45. Kd3 Bb5+ 46. Ke3 Kc4 47. Kd2 Kd4 48. g4 Bd7 49. g5 fxg5 50.
fxg5 f4 51. h4 b3 52. Bb1 Bf5 53. Bxf5 gxf5 54. h5 b1=Q 55. g6 Qc2+ 56. Ke1 b2 0-1

[Event "*** Titled Tuesday 3|2 Blitz"]
[Site "Chess.com"]
[Date "2017.03.07"]
[Round "1"]
[White "VMikhalevski"]
[Black "Vegan4future"]
[Result "1-0"]
[WhiteElo "2543"]
[BlackElo "2266"]
[TimeControl "180+2"]
[EndTime "13:09:50 PST"]
[Termination "VMikhalevski won by resignation"]

1. Nf3 Nf6 2. g3 g6 3. d4 Bg7 4. Bg2 O-O 5. O-O d6 6. b3 b5 7. Na3 a6 8. c4 b4 9. Nc2 c5 10. a3 bxa3 11. Bxa3 Nbd7 12. Ne5 dxe5 13. Bxa8 exd4 14.
Bg2 a5 15. Bc1 Qb6 16. Ra3 Ne5 17. Bd2 Nc6 18. Qa1 Bf5 19. Ne1 Nd7 20. Nd3 e5 21. f3 Ra8 22. Qe1 Bxd3 23. exd3 Nb4 24. f4 Re8 25. Qe2 f5 26. Bd5+ Kh8 27. fxe5 Rxe5 28. Qf3 Nf6 29. Bf4 Re8 30. Raa1 Ng4 31. Rae1 Qd8 32. Kg2 Nc2 33. Rxe8+ Qxe8 34. Rc1 Nce3+ 35. Kg1 Bf6 36. Bc6 Qe7 37. Bb5 Kg7 38. h3 g5 39.
Bb8 Nh6 40. Ba6 g4 41. Qb7 gxh3 42. Qxe7+ Bxe7 43. Kh2 Nhg4+ 44. Kxh3 Bd8 45. Bd6 Nf2+ 46. Kh2 Nxd3 47. Ra1 Kf6 48. Bb7 Ke6 49. Bf8 h5 50. Bh6 Nc2 51. Bd5+ Kf6 52. Rf1 Bc7 53. Kh3 Ne3 54.
Rf3 Ng4 55. Bd2 Ndf2+ 56. Kg2 Nd3 57. Rxd3 Ke5 58. Bf4+ 1-0

[Event "*** Titled Tuesday 3|2 Blitz"]
[Site "Chess.com"]
[Date "2017.03.07"]
[Round "1"]
[White "GMBenjaminBok"]
[Black "StellarChessPro"]
[Result "1-0"]
[WhiteElo "2655"]
[BlackElo "2353"]
[TimeControl "180+2"]
[EndTime "13:09:51 PST"]
[Termination "GMBenjaminBok won by resignation"]

1. e4 c6 2. d4 d5 3. e5 Bf5 4. Nf3 e6 5. Be2 Nd7 6. O-O h6 7. c3 Ne7 8. Nbd2 Bh7 9. b4 Ng6 10.
Nb3 Be7 11. Bd3 O-O 12. Qc2 Re8 13. Bd2 Ngf8 14. a4 Bxd3 15. Qxd3 b6 16. c4 Rc8 17. c5 bxc5 18. bxc5 f6 19. Ba5 Rc7 20. Rfe1 Qc8 21. Bxc7 Qxc7 22. Rab1 fxe5 23. Nxe5 Nxe5 24. Rxe5 Bf6 25. Re2 Rb8 26. Qc3 Ng6 27. g3 Qf7 28. Rbe1 Nf8 29. Nd2 a5 30. Rb1 Rxb1+ 31. Nxb1 Qb7 32.
Nd2 Qa6 33. Re1 Kf7 34. Nb3 Bd8 35.
Kg2 Kg8 36. Nc1 Bc7 37. Nd3 Qb7 38. Ne5 Bd8 39. Re2 Bc7 40. Rb2 Qa6 41. Qd3 Qa8 42. Ng6 Nd7 43. Re2 Qe8 44. Nh4 e5 45. dxe5 Qf8 46. Ng6 Qe8 47. e6 Nxc5 48. Qf5 Bd6 49. e7 d4 50. h4 d3 51. Rd2 Kh7 52. h5 Kg8 53. Rd1 Bxe7 54. Re1 d2 55. Nxe7+ Kh8 56. Ng6+ Kg8 57. Rxe8+ 1-0

[Event "*** Titled Tuesday 3|2 Blitz"]
[Site "Chess.com"]
[Date "2017.03.07"]
[Round "1"]
[White "JaimeSantosLatasa"]
[Black "Mepetmepe"]
[Result "1/2-1/2"]
[WhiteElo "2598"]
[BlackElo "2337"]
[TimeControl "180+2"]
[EndTime "13:09:51 PST"]
[Termination "Game drawn by agreement"]

1. c4 c6 2. Nf3 d5 3. e3 Nf6 4.
Nc3 e6 5. b3 Nbd7 6. Qc2 Bd6 7.
Bb2 O-O 8. Rg1 e5 9. cxd5 cxd5 10. Nb5 Bb8 11. Ba3 Re8 12. Nd6 Bxd6 13. Bxd6 d4 14.
Bc4 dxe3 15. dxe3 b5 16. Be2 Bb7 17. Rd1 Qb6 18. Bc7 Rac8 19. Rc1 Qa6 20. Qf5 Rxc7 21. Rxc7 Qa5+ 22. Kf1 Qxc7 23. g4 Be4 24. Qg5 Qc6 25. Ne1 b4 26. Qh4 Rc8 27. g5 Ne8 28. f3 Bf5 29. Qxb4 Nc5 30. h4 Nd6 31. h5 Ne6 32. h6 Bg6 33. hxg7 Nxg7 34. Kf2 Ngf5 35.
Nd3 e4 36. Rc1 Qd7 37. Ne5 Qe8 38. Ng4 Qd8 39. Nf6+ Kg7 40. Rxc8 Qxc8 41. fxe4 h6 42. exf5 Qxf5+ 43. Qf4 hxg5 44. Qxf5 Bxf5 45. Nd5 Ne4+ 46. Ke1 Be6 47. Nb4 f5 48. Nc6 Nc3 49. Nd4 Kf6 50. a4 Nxe2 51. Kxe2 Bd5 52. b4 Ke5 53. Kf2 f4 54.
Nb5 a6 55. Nc7 Bc6 56. a5 Bb7 57. b5 axb5 58. Nxb5 g4 59. exf4+ Kxf4 60. Nd6 g3+ 61. Kg1 Ba6 62. Ne8 Ke5 63. Nc7 Bb7 64. a6 Bxa6 65.
Nxa6 g2 66. Nb4 Kd4 67. Nc6+ Kc5 68. Ne7 Kd6 69. Ng6 Ke6 70. Nh4 Ke5 1/2-1/2

[Event "*** Titled Tuesday 3|2 Blitz"]
[Site "Chess.com"]
[Date "2017.03.07"]
[Round "1"]
[White "eldur16"]
[Black "TheCount"]
[Result "0-1"]
[WhiteElo "2294"]
[BlackElo "2566"]
[TimeControl "180+2"]
[EndTime "13:09:58 PST"]
[Termination "TheCount won on time"]

1. e4 c5 2. Nf3 Nc6 3. d4 cxd4 4.
Nxd4 Qb6 5. Nb3 Nf6 6. Nc3 e6 7. Be3 Qc7 8. Bd3 a6 9. O-O d6 10.
f4 Be7 11. Qf3 O-O 12. g4 Nd7 13. g5 Re8 14. h4 Bf8 15. f5 Nde5 16. Qg3 Nb4 17.
Rad1 b5 18. h5 Nbxd3 19. cxd3 b4 20. Na4 exf5 21. exf5 Bb7 22. Rc1 Qd8 23. d4 Nd3 24. Rcd1 Be4 25. g6 fxg6 26. hxg6 hxg6 27. fxg6 Re6 28.
Bg5 Rxg6 29. Bxd8 Rxg3+ 30. Kh2 Rg2+ 31. Kh3 Rxd8 32. Nd2 Bd5 33. Nf3 Nf2+ 34. Kxg2 Nxd1 35. Rxd1 Be7 36. Nb6 Be4 37. Re1 d5 38. Kg3 Bd6+ 39. Ne5 Re8 40. Kf4 Rf8+ 41. Ke3 Be7 42. Rg1 Bh4 43.
Ng4 Bg5+ 44. Ke2 Rb8 45. Nd7 Rc8 46. Nc5 Re8 47. Ne5 Bf6 48. Ncd7 Bxe5 0-1

[Event "*** Titled Tuesday 3|2 Blitz"]
[Site "Chess.com"]
[Date "2017.03.07"]
[Round "1"]
[White "Chesstrainer1"]
[Black "Dr-Bassem"]
[Result "0-1"]
[WhiteElo "2337"]
[BlackElo "2624"]
[TimeControl "180+2"]
[EndTime "13:10:03 PST"]
[Termination "Dr-Bassem won by resignation"]

1. Nf3 f5 2. d3 Nc6 3. d4 Nf6 4. d5 Nb4 5. c4 c6 6. a3 Na6 7. b4 g6 8. Nc3 Bg7 9. Bb2 O-O 10. Rc1 Nc7 11. Qb3 d6 12. e3 e5 13. dxe6 Bxe6 14. Ng5 Bd7 15. h4 h6 16. Nh3 Be6 17. Nf4 Bf7 18. Bd3 d5 19. h5 Nxh5 20. Nxh5 gxh5 21.
g3 d4 22. Nd1 dxe3 23. Bxg7 exf2+ 24. Kxf2 Kxg7 25. Ne3 Bg6 26. Qc3+ Qf6 27. Ng2 Ne6 28. Rhe1 Ng5 29. Nf4 Qxc3 30. Rxc3 Rae8 31. Rcc1 Kf6 32. b5 Rxe1 33. Rxe1 Rd8 34. bxc6 bxc6 35. Rb1 Ne6 36.
Nxe6 Rxd3 37. Nf4 Rxa3 38. Rb7 Bf7 39. Rc7 Ra6 40. c5 h4 41. gxh4 Bc4 42. Rh7 Ke5 43.
Ng6+ Ke4 44. Rxh6 f4 45. Ne7 Ra2+ 46. Ke1 f3 47. Rf6 Re2+ 48. Kd1 f2 49. Nxc6 Re1+ 50. Kd2 f1=Q 51. Rxf1 Rxf1 52. Nxa7 Bd5 53. h5 Kd4 54. c6 Rf2+ 55. Ke1 Rc2 56. c7 Bb7 57.
h6 Rc1+ 58. Kd2 Rh1 59. c8=Q Rh2+ 60. Kc1 Bxc8 61. Nxc8 Rxh6 62. Nd6 Rxd6 63. Kd2 Rg6 0-1

[Event "*** Titled Tuesday 3|2 Blitz"]
[Site "Chess.com"]
[Date "2017.03.07"]
[Round "1"]
[White "MatBobula"]
[Black "SavelijTartakover"]
[Result "0-1"]
[WhiteElo "2280"]
[BlackElo "2558"]
[TimeControl "180+2"]
[EndTime "13:10:03 PST"]
[Termination "SavelijTartakover won by resignation"]

1. d4 Nf6 2. c4 g6 3. Nf3 Bg7 4. g3 O-O 5. Bg2 d6 6. O-O Nc6 7. Nc3 Bg4 8. h3 Bxf3 9. Bxf3 Nd7 10. e3 e5 11. d5 Ne7 12. e4 f5 13. Bg2 Nf6 14. Bg5 h6 15. Bd2 g5 16. f4 exf4 17. gxf4 gxf4 18. Bxf4 fxe4 19. Nxe4 Ng6 20. Bg3 Nxe4 21.
Bxe4 Qg5 22. Qg4 Qxg4 23. hxg4 Ne5 24. Bxe5 Bxe5 25. Rab1 Rxf1+ 26. Rxf1 Bxb2 27. Rb1 Bd4+ 28. Kg2 Re8 29. Kf3 b6 30. Rd1 Bf6 31. Bf5 Re5 32.
Be6+ Kg7 33. Rf1 Bg5 34. Rf2 Kg6 35. Re2 Kf6 36. Re4 Bc1 37. Bg8 Rg5 38. Re8 h5 39.
gxh5 Rxh5 40. Rc8 Rh3+ 41. Ke2 Ra3 42. Rxc7 Rxa2+ 43. Kd3 Bf4 44. Rf7+ Kg5 45. Rf8 Be5 46. Be6 a5 47. Bd7 a4 48. Rf5+ Kg6 49. Rf8 a3 50. Ra8 Ra1 51. Ba4 Rh1 52. Bc2 Rh3+ 53. Kd2+ Kf6 54.
Bd3 Rh2+ 55. Be2 Bb2 56. Ra6 Ke5 57. Kd3 Rh3+ 58. Kc2 Kd4 59. Rxb6 Rh2 0-1

[Event "*** Titled Tuesday 3|2 Blitz"]
[Site "Chess.com"]
[Date "2017.03.07"]
[Round "1"]
[White "GM_Splinter"]
[Black "kleinebeer98"]
[Result "1/2-1/2"]
[WhiteElo "2136"]
[BlackElo "2451"]
[TimeControl "180+2"]
[EndTime "13:10:10 PST"]
[Termination "Game drawn by repetition"]

1. e4 e5 2. Nf3 Nc6 3. Bb5 f5 4.
d3 fxe4 5. dxe4 Nf6 6. Nc3 Bb4 7. O-O Bxc3 8. bxc3 d6 9. Bc4 Qe7 10. Re1 Be6 11. Bxe6 Qxe6 12. Ng5 Qe7 13. Rb1 Nd8 14. f4 exf4 15. Bxf4 O-O 16. Bg3 Kh8 17. e5 dxe5 18.
Bxe5 b6 19. Qf3 Ne6 20. Bxf6 Qc5+ 21. Qe3 Rxf6 22. Nxe6 Rxe6 23. Qxc5 Rxe1+ 24. Rxe1 bxc5 25. Re7 Rc8 26. Kf2 Kg8 27. Ke3 Kf8 28. Rd7 Re8+ 29. Kd3 Re7 30. Rd8+ Kf7 31. Ra8 Rd7+ 32. Ke3 Ke6 33.
Rxa7 Kd5 34. Ra4 c4 35. Ra5+ c5 36. Ra8 Re7+ 37. Kd2 Rf7 38. Rd8+ Ke4 39. Re8+ Kd5 40. Kc1 Rf2 41. a4 Rxg2 42. Re7 Kd6 43. Rf7 Kc6 44. Kb2 h5 45. Rf5 g6 46. Rf6+ Kb7 47. h4 Rg4 48. a5 Rxh4 49. Rxg6 Rh2 50. Rh6 h4 51. Rb6+ Ka7 52. Rh6 h3 53. Kb1 Rh1+ 54. Kb2 Rh2 55. Kb1 Rh1+ 56. Kb2 Rh2 57. Kb1 Rh1+ 58. Kb2 Rh2 59.
Kb1 Rh1+ 60. Kb2 Rh2 1/2-1/2

[Event "*** Titled Tuesday 3|2 Blitz"]
[Site "Chess.com"]
[Date "2017.03.07"]
[Round "1"]
[White "MFBerna"]
[Black "Blitzstream"]
[Result "0-1"]
[WhiteElo "2169"]
[BlackElo "2497"]
[TimeControl "180+2"]
[EndTime "13:10:14 PST"]
[Termination "Blitzstream won by resignation"]

1. e4 d5 2. exd5 Qxd5 3. Nc3 Qa5 4. d4 Nf6 5. Nf3 c6 6. h3 Bf5 7. Bd3 Bg6 8. O-O e6 9. Ne5 Nbd7 10. Bf4 Nxe5 11. Bxe5 Be7 12. Bxg6 hxg6 13. Qf3 O-O 14. Ne4 Nxe4 15. Qxe4 Rad8 16. c3 Qd5 17. Rfe1 Qxe4 18. Rxe4 Bf6 19. Bg3 Rd5 20. f3 Rfd8 21. Bf2 a6 22. Rae1 b5 23. R1e2 a5 24. Kf1 b4 25.
f4 g5 26. fxg5 Rxg5 27. c4 Rf5 28. Kg1 a4 29. Be3 b3 30. a3 g5 31. g4 Rf3 32.
Kg2 Rxe3 33. R2xe3 Bxd4 34. Rd3 c5 35. Re5 Bxe5 36. Rxd8+ Kg7 37. Rd2 Bd4 38. Kf3 f5 39. Ke2 Kf6 40. Kd3 Ke5 41. Re2+ Kf6 42. Rg2 Be5 43.
Re2 Bd4 44. Rg2 Be5 45. Re2 Bf4 46. gxf5 Kxf5 47. Re1 Be5 48. Rf1+ Kg6 49. Rf2 Bd4 50. Rg2 Kf5 51. Re2 e5 52. Kd2 e4 53. Rg2 Bxb2 54. Rf2+ Ke5 55. Rg2 Bxa3 56. Rxg5+ Kd4 57. Rg4 Bb4+ 58. Kc1 a3 59. Rg3 Bc3 60. Rg2 a2 0-1

[Event "*** Titled Tuesday 3|2 Blitz"]
[Site "Chess.com"]
[Date "2017.03.07"]
[Round "1"]
[White "Smirnov_Pavel"]
[Black "capatl"]
[Result "1-0"]
[WhiteElo "2637"]
[BlackElo "2341"]
[TimeControl "180+2"]
[EndTime "13:10:15 PST"]
[Termination "Smirnov_Pavel won by resignation"]

1. d4 d5 2. c4 e6 3. Nf3 Nf6 4. Nc3 Be7 5. Bf4 O-O 6. e3 a6 7. Qc2 dxc4 8. Bxc4 b5 9. Bd3 Bb7 10. Rd1 Nbd7 11. Ne5 Rc8 12. O-O h6 13. Ne4 Nxe4 14. Bxe4 Bxe4 15. Qxe4 Nxe5 16. dxe5 Qe8 17. Bg3 c5 18. f4 Qc6 19. Qxc6 Rxc6 20. Rd7 Re8 21. Rfd1 c4 22. Be1 b4 23. Kf1 c3 24. b3 a5 25. Ke2 h5 26. Kd3 Rd8 27. Kc2 Rxd7 28. Rxd7 Bc5 29. e4 Be3 30. g3 g5 31. f5 Bb6 32. f6 g4 33. Rb7 Bd4 34. Rb5 Rc5 35. Rb8+ Kh7 36. Rf8 Rc7 37. Ra8 Rc5 38. Rf8 Rc7 39. Rb8 Bxe5 40. Rb5 Bxf6 41. Rxh5+ Kg6 42. Rxa5 Rd7 43. a3 bxa3 44. Rxa3 Be5 45. Bxc3 Rc7 46. b4 Kf6 47. Kd3 Rd7+ 48. Ke3 Bxc3 49. Rxc3 Ra7 50. Kf4 Ra2 51. Rb3 Rxh2 52. b5 Rh8 53. b6 Rb8 54. b7 Ke7 55. Kxg4 Kd6 56. Kf4 f6 57. Rb6+ Ke7 58. e5 fxe5+ 59. Kxe5 Kd7 60. g4 Kc7 61.
Rb3 Rg8 62. b8=Q+ Rxb8 63. Rxb8 Kxb8 64. g5 1-0

[Event "*** Titled Tuesday 3|2 Blitz"]
[Site "Chess.com"]
[Date "2017.03.07"]
[Round "1"]
[White "bancsoo"]
[Black "bilelou"]
[Result "1-0"]
[WhiteElo "2619"]
[BlackElo "2336"]
[TimeControl "180+2"]
[EndTime "13:10:15 PST"]
[Termination "bancsoo won by resignation"]

1. Nf3 d5 2. g3 Nc6 3. d4 Bg4 4.
Bg2 Qd7 5. h3 Bf5 6. c4 dxc4 7.
Nc3 Nf6 8. g4 Bg6 9. d5 Nb4 10.
Ne5 Qd6 11. Qa4+ Nd7 12. Nxg6 hxg6 13. Ne4 Qxd5 14. Nf6+ gxf6 15. Bxd5 Nxd5 16. Qxc4 c6 17. Bd2 e6 18. O-O-O N7b6 19. Qc2 Nd7 20. e4 Nc7 21. Ba5 O-O-O 22. Qa4 Bc5 23. Rd2 Ne5 24. Rhd1 Rxd2 25.
Rxd2 Rxh3 26. Bc3 Nxg4 27. Bd4 Be7 28. Qxa7 Ne5 29. Bb6 Nd3+ 30. Kb1 Rh1+ 31. Kc2 Nb4+ 32. Kb3 Nba6 33. Bxc7 Kxc7 34. Qd4 Nc5+ 35. Kc2 Re1 36.
b4 Rxe4 37. Qc3 Na6 38. a3 Re5 39. f4 Rd5 40. Rh2 Kd7 41. Rh7 Ke8 42. Qh3 Nc7 43. Rh8+ Kd7 44. Qh7 Nb5 45. Qxf7 Nxa3+ 46. Kb3 Rd3+ 47.
Ka2 Nb5 48. Re8 Kc7 49. Rxe7+ 1-0

[Event "*** Titled Tuesday 3|2 Blitz"]
[Site "Chess.com"]
[Date "2017.03.07"]
[Round "1"]
[White "rpragchess"]
[Black "manubibi"]
[Result "0-1"]
[WhiteElo "1196"]
[BlackElo "2404"]
[TimeControl "180+2"]
[EndTime "13:10:15 PST"]
[Termination "manubibi won by checkmate"]

1. e4 c5 2. Nf3 d6 3. d4 cxd4 4.
Nxd4 Nf6 5. Nc3 a6 6. Bg5 e6 7.
f4 h6 8. Bh4 Be7 9. Qf3 Nc6 10.
O-O-O Qc7 11. Kb1 Bd7 12. g4 Rc8 13. Bxf6 Bxf6 14. Ndb5 axb5 15. Nxb5 Qb8 16. Nxd6+ Kf8 17. e5 Be7 18. Nxc8 Qxc8 19. Bd3 g6 20. h4 Kg7 21.
Qe4 Rd8 22. h5 Be8 23. hxg6 fxg6 24. f5 exf5 25. gxf5 Qxf5 26. Qg2 Qg5 27. Qe2 Qxe5 28. Qf2 Bf6 29. c3 Rxd3 30. Rxd3 Qe4 31. Rd1 Ne5 32.
Qe1 Qxe1 33. Rxe1 Nxd3 34. Rxe8 h5 35. Rb8 Nc5 36. b4 Ne4 37. Rxb7+ Kh6 38. c4 Nd2+ 39. Kc2 Nxc4 40. a4 h4 41. Rd7 g5 42. a5 h3 43.
Kb3 Ne3 44. Rd2 Nf1 45. Rf2 g4 46. Rxf6+ Kg5 47. a6 Nd2+ 48. Kc3 h2 49. Kxd2 Kxf6 50. b5 h1=Q 51. b6 Qd5+ 52. Ke1 Qa5+ 53. Kf2 Qxa6 54. Kg3 Kg5 55. Kh2 Qxb6 56. Kh1 Qb2 57. Kg1 Kf4 58. Kf1 Kf3 59. Kg1 Qg2# 0-1

[Event "*** Titled Tuesday 3|2 Blitz"]
[Site "Chess.com"]
[Date "2017.03.07"]
[Round "1"]
[White "johnathan113"]
[Black "gkchesstiger"]
[Result "0-1"]
[WhiteElo "2351"]
[BlackElo "2661"]
[TimeControl "180+2"]
[EndTime "13:10:22 PST"]
[Termination "gkchesstiger won by resignation"]

1. d4 d5 2. Nc3 Nf6 3. Bf4 c6 4. Qd2 Bf5 5. f3 h6 6. g4 Bg6 7.
h4 e6 8. e3 Nbd7 9. Bd3 Bxd3 10.
cxd3 a5 11. Nge2 a4 12. a3 g6 13. Kf2 Nb6 14. Ng3 Nfd7 15. Rae1 Bg7 16. Bd6 Nb8 17.
Bc5 N8d7 18. f4 Nf6 19. Qd1 h5 20. gxh5 Nxh5 21. Qg4 Nd7 22. Bb4 Bf6 23. Nce2 Be7 24. Bxe7 Qxe7 25. Qg5 Ndf6 26. Nc3 Nxg3 27. Qxg3 Nh5 28.
Qg5 Ng7 29. Qxe7+ Kxe7 30. e4 Kd6 31. Ke3 Nh5 32. Reg1 Rh7 33. Rg5 Ng7 34. Ne2 Kd7 35.
Rg4 Rah8 36. Nc3 b5 37. Ne2 Ne8 38. e5 Ng7 39. Ng3 Nf5+ 40. Nxf5 exf5 41. Rg2 Rxh4 42. Rxh4 Rxh4 43. Kf3 Rh3+ 44. Ke2 Rh1 45. Ke3 Kc7 46. Kd2 Rf1 47. Ke3 Rh1 48. Kd2 Rh4 49. Ke3 Rh3+ 50.
Kd2 Rf3 51. Rh2 Kd7 52. Rh4 Ke7 53. Ke2 Rg3 54. Rh2 Rg1 55. Kf2 Rb1 56. Ke3 Rc1 57.
Kd2 Rf1 58. Ke3 Rg1 59. Kf2 Rg4 60. Ke3 Rg3+ 61. Ke2 Ke6 62. Kd2 Rf3 63. Rh4 Rf2+ 64. Kc3 Ke7 65. Rh8 Rxf4 66. Rc8 g5 67. Rxc6 g4 68.
Kd2 g3 69. Rc1 Rxd4 70. Ke3 Rg4 71. Kf3 g2 72. Kf2 Ke6 73. Kg1 Kxe5 74. Rc5 f4 75.
Rxb5 f3 76. d4+ Ke4 0-1

[Event "*** Titled Tuesday 3|2 Blitz"]
[Site "Chess.com"]
[Date "2017.03.07"]
[Round "1"]
[White "MateusViageiro"]
[Black "B-man"]
[Result "0-1"]
[WhiteElo "2227"]
[BlackElo "2508"]
[TimeControl "180+2"]
[EndTime "13:10:23 PST"]
[Termination "B-man won by resignation"]

1. d4 e6 2. Nf3 b6 3. g3 Bb7 4. Bg2 f5 5. O-O Nf6 6. c4 g6 7. Nc3 Bg7 8. Bg5 h6 9. Bf4 O-O 10. Rc1 g5 11. Be5 d6 12. Bxf6 Qxf6 13. e3 Nd7 14. d5 e5 15. e4 f4 16. Bh3 Bc8 17.
Be6+ Kh8 18. Nb5 Qd8 19. b4 Nf6 20. Bxc8 Qxc8 21. Nd2 a6 22. Nc3 Qh3 23. Qf3 g4 24. Qg2 Qh5 25. f3 gxf3 26. Rxf3 Ng4 27. Nd1 fxg3 28. hxg3 Bf6 29. Nf2 Bg5 30. Nxg4 Qxg4 31. Rcf1 Rxf3 32. Nxf3 Qxe4 33. Nxg5 Qe3+ 34. Kh2 Qxg5 35.
Qh3 Rg8 36. Rf2 Kh7 37. Rf7+ Rg7 38. Rxg7+ Qxg7 39. Qf5+ Kg8 40. Qc8+ Kh7 41. Qxa6 e4 42. c5 dxc5 43. bxc5 bxc5 44. Qe6 Qg6 45. Qe7+ Kg8 46. Qxc7 Qh5+ 47. Kg2 Qe2+ 48. Kh3 Qf1+ 49. Kh2 Qf2+ 50. Kh3 Qf5+ 51. Kh2 Qxd5 52. Qc8+ Kf7 53. Qc7+ Kf6 54. Qf4+ Ke7 55. Qxh6 Qxa2+ 56. Kh3 Qe6+ 57. g4 Qxh6+ 58. Kg3 0-1

[Event "*** Titled Tuesday 3|2 Blitz"]
[Site "Chess.com"]
[Date "2017.03.07"]
[Round "1"]
[White "hsskoo"]
[Black "Divertissement"]
[Result "0-1"]
[WhiteElo "1930"]
[BlackElo "2417"]
[TimeControl "180+2"]
[EndTime "13:10:26 PST"]
[Termination "Divertissement won on time"]

1. e4 g6 2. Nf3 Bg7 3. Bc4 c6 4.
d4 d5 5. exd5 cxd5 6. Bb5+ Bd7 7.
Qe2 Nf6 8. O-O O-O 9. h3 Nc6 10. Re1 e6 11. c3 Ne4 12. Nbd2 Nd6 13. Bd3 a6 14. Nf1 Ne7 15. Bg5 f6 16. Bf4 Nf7 17. c4 Re8 18. Rad1 Rc8 19. b3 Qa5 20. Ng3 g5 21.
Bc1 Ng6 22. Nh5 Qc7 23. g3 a5 24. a4 Nd6 25. h4 g4 26. Nh2 f5 27. Qe3 Ne4 28. Nxg7 Kxg7 29. Bxe4 dxe4 30. Qh6+ Kg8 31. h5 Nh8 32. Bb2 Nf7 33. d5 Nxh6 34. d6 Qb6 35.
Nf1 Qxb3 36. Be5 Rc5 37. Bf4 Nf7 38. Ne3 e5 39. Nd5 Rxd5 40. Rxd5 exf4 41. gxf4 g3 42.
fxg3 Qxg3+ 0-1

[Event "*** Titled Tuesday 3|2 Blitz"]
[Site "Chess.com"]
[Date "2017.03.07"]
[Round "1"]
[White "IMcoach"]
[Black "VSERGUEI"]
[Result "1-0"]
[WhiteElo "2324"]
[BlackElo "2567"]
[TimeControl "180+2"]
[EndTime "13:10:27 PST"]
[Termination "IMcoach won on time"]

1. e4 e6 2. d3 d5 3. Qe2 Nf6 4. e5 Nfd7 5. f4 c5 6. Nf3 b5 7.
g3 Nc6 8. Bg2 a5 9. O-O Nb6 10.
Nc3 b4 11. Nd1 Be7 12. Nf2 Qc7 13. Be3 Bd7 14. c3 a4 15. c4 O-O 16. Rac1 Rfd8 17.
h4 a3 18. b3 Be8 19. h5 dxc4 20. dxc4 Nd4 21. Bxd4 cxd4 22. Nd3 h6 23. Nd2 Rac8 24. Ne4 Bc6 25. Nd2 Nd7 26. Bxc6 Qxc6 27. Ne4 Nc5 28.
Nexc5 Bxc5 29. Rce1 Rd7 30. Qg2 Qb6 31. Qe4 Bf8 32.
Re2 Rcd8 33. Rg2 Kh8 34. g4 Qb7 35. Qxb7 Rxb7 36. Kf2 f6 37. Kf3 Rf7 38. exf6 gxf6 39. Re1 e5 40. fxe5 fxe5+ 41. Ke4 Bg7 42. g5 Rdf8 43.
gxh6 Bf6 44. Rg6 Kh7 45. Rf1 Bh8 46. Rxf7+ Rxf7 47. c5 Rf1 48. c6 Rf7 49. Nxb4 Rf4+ 50. Kd5 d3 51. Nxd3 Rd4+ 52. Ke6 Rxd3 53. c7 Rc3 54. Kd7 e4 55. c8=Q Rxc8 56. Kxc8 e3 57.
Re6 Bd4 58. Re4 Bb2 59. Rxe3 Kxh6 60. Rh3 Bc3 61. Rxc3 1-0

[Event "*** Titled Tuesday 3|2 Blitz"]
[Site "Chess.com"]
[Date "2017.03.07"]
[Round "1"]
[White "AllStarShark"]
[Black "maciek_92"]
[Result "1/2-1/2"]
[WhiteElo "2278"]
[BlackElo "2536"]
[TimeControl "180+2"]
[EndTime "13:11:00 PST"]
[Termination "Game drawn by stalemate"]

1. d4 Nf6 2. Bg5 e6 3. e4 h6 4. Bxf6 Qxf6 5. c3 d6 6. Bd3 Nd7 7. Ne2 e5 8. O-O Qe7 9. f4 Nf6 10. fxe5 dxe5 11. d5 Bg4 12. h3 Bh5 13. Qa4+ Nd7 14.
Ng3 Bg6 15. Nf5 Qc5+ 16. Kh1 a6 17. b4 Qb6 18. Na3 Bxf5 19. Rxf5 f6 20. Nc4 Qa7 21. Na5 Bd6 22. Nc4 Be7 23. Qd1 g6 24. Rf3 h5 25.
Qe1 h4 26. Qe2 Nb6 27. Na5 Nd7 28. Raf1 Qb6 29. Nc4 Qa7 30. Na5 Rd8 31. a3 Nb6 32. c4 Nd7 33. c5 Kf7 34. Bc4 Kg7 35.
R3f2 Rdf8 36. Qg4 Nxc5 37. bxc5 Qxc5 38. Qe6 Re8 39. d6 Qxd6 40. Nxb7 Qxe6 41. Bxe6 Rb8 42.
Bd5 Rhc8 43. Rc2 c6 44. Rxc6 Rxc6 45. Bxc6 Rc8 46. Bd5 Bxa3 47. Na5 Rc2 48. Nc6 Bc5 49. Ra1 Be3 50. Re1 Bf2 51. Rf1 Bg3 52. Nb4 Rd2 53.
Nxa6 f5 54. Nc5 Bf2 55. exf5 gxf5 56. Be6 Kg6 57. Bb3 Bxc5 58. Bd1 Bf2 59. Bb3 e4 60. Ba4 e3 61. Bb5 e2 62. Bxe2 Rxe2 63. Kh2 Kg5 64. Kh1 Kf4 65. Kh2 Rd2 66. Kh1 Kg3 67.
Ra1 Rd3 68. Ra3 Rxa3 1/2-1/2

[Event "*** Titled Tuesday 3|2 Blitz"]
[Site "Chess.com"]
[Date "2017.03.07"]
[Round "1"]
[White "popov_m"]
[Black "ZapataCharlesS"]
[Result "1-0"]
[WhiteElo "2376"]
[BlackElo "2626"]
[TimeControl "180+2"]
[EndTime "13:11:04 PST"]
[Termination "popov_m won on time"]

1. d4 Nf6 2. Bf4 g6 3. Nf3 Bg7 4.
e3 O-O 5. Be2 d6 6. O-O Nc6 7. h3 Nd7 8. Bh2 e5 9. c4 f5 10. dxe5 Ndxe5 11. Nc3 Be6 12. Nd5 Rb8 13. Rb1 Nxf3+ 14. Bxf3 Ne5 15. Be2 c6 16. Nf4 Bf7 17. b3 Qa5 18. Qxd6 Rbd8 19. Qe7 Rfe8 20. Qh4 Qxa2 21. Kh1 h6 22. Ra1 Qb2 23. Rab1 Qc3 24. Rfc1 Qb4 25. Qg3 Kh7 26. h4 Bf6 27. Qh3 Kg7 28.
Qg3 Kh7 29. Qh3 h5 30. Nxh5 gxh5 31. Qxf5+ Kg7 32. Bxh5 Bxh5 33. Qxh5 Rh8 34. Qf5 Rxh4 35. Kg1 Rdh8 36. f4 Rxh2 37. fxe5 Rh1+ 38. Kf2 Bh4+ 39. Ke2 Rxc1 40. Qg4+ Kf8 41. Qc8+ Kf7 42. Qd7+ Qe7 43. Qf5+ Kg7 44. Rxc1 Rf8 45. Qg4+ Qg5 46. Qh3 Rf2+ 47. Kd3 Qg6+ 48. Kc3 Bg3 49. Rd1 Bxe5+ 50. Kb4 Bd6+ 51. c5 a5+ 52. Kxa5 Bc7+ 53. Kb4 Rf7 54. Qh4 b6 55. Rh1 bxc5+ 56. Ka4 Bh2 57. Ka5 Qxg2 58. Rxh2 Ra7+ 59. Kb6 Ra6+ 60. Kxa6 Qd5 61. Qh8+ Kg6 62. Rg2+ Kf5 63.
Qh5+ Ke4 64. Qxd5+ cxd5 65. Kb5 1-0